 Dungeon Sprint DCSS version 0.30-a0-122-g2a1322497e (webtiles) character file.

Game seed: 9413867652223329344

21450 Hubris850 the Sensei (level 12, 0/93 HPs)
             Began as a Merfolk Transmuter on Sept 16, 2022.
             Was the Champion of Makhleb.
             Slain by a molten gargoyle
             ... wielding a +0 mace
              (14 damage)
             ... in the Dungeon (Sprint VII: "The Pits").
             The game lasted 00:16:23 (2059 turns).

Hubris850 the Sensei (Merfolk Transmuter)           Turns: 2059, Time: 00:16:24

Health: 0/93       AC: 10    Str: 13    XL:     12   Next: 90%
Magic:  19/31      EV: 19    Int: 22    God:    Makhleb [******]
Gold:   81         SH:  0    Dex: 14    Spells: 11/25 levels left

rFire   x . .      SeeInvis .      - Unarmed
rCold   + + +      Faith    .    (shield currently unavailable)
rNeg    + . .      Spirit   .    (body armour currently unavailable)
rPois   +          Reflect  .    (helmet currently unavailable)
rElec   .          Harm     .    (cloak currently unavailable)
rCorr   .          Rampage  .    (gloves currently unavailable)
Will    .....      NoTele   +    (boots currently unavailable)
Stlth   +.........               z - amulet of regeneration
HPRegen 1.05/turn                H - +4 ring of evasion
MPRegen 0.22/turn                F - ring "Bautith" {rN+ MP+9 Int+7}

@: lethally poisoned (0 -> 0), ice-form, wereblooded, very slightly contaminated
A: freezing attack, boosted hp, large, (nimble swimmer 2), (mertail)
a: End Transformation, Renounce Religion, Minor Destruction, Lesser Servant of
Makhleb, Major Destruction, Greater Servant of Makhleb


You were in the Dungeon.
You worshipped Makhleb.
Makhleb was exalted by your worship.
You were a creature of crystalline ice.
You visited 1 branch You collected 81 gold pieces.

Inventory:

Hand Weapons
 t - a +3 scimitar of flaming
Missiles
 x - a curare-tipped dart
Armour
 a - a +0 robe
 l - +0 swamp dragon scales (melded)
 r - a +0 pair of boots (melded)
 s - a +0 pair of gloves (melded)
Jewellery
 m - a +3 ring of evasion
 n - a +3 ring of intelligence
 z - an amulet of regeneration (around neck)
 A - a ring of positive energy
 B - a ring of protection from fire
 E - a ring of see invisible
 F - the ring "Bautith" (right front paw) {rN+ MP+9 Int+7}
   (You found it in the Dungeon)

   [ring of magical power]

   Int:       It affects your intelligence (+7).
   rN:        It protects you from negative energy.
   MP:        It affects your magic capacity (+9).
 G - a ring of poison resistance
 H - a +4 ring of evasion (left front paw)
Wands
 C - a wand of light (1)
Scrolls
 h - 2 scrolls of blinking
 j - 5 scrolls of amnesia
 k - a scroll of summoning
 u - 6 scrolls of enchant armour
 v - 6 scrolls of enchant weapon
 w - a scroll of fear
 y - 2 scrolls of identify
Potions
 b - a potion of lignification
 c - 8 potions of curing
 d - 5 potions of heal wounds
 e - 3 potions of haste
 f - 4 potions of magic
 g - 7 potions of berserk rage
 i - 2 potions of invisibility
 o - 2 potions of brilliance
 p - 2 potions of might
 q - 3 potions of resistance
Miscellaneous
 D - a condenser vane


   Skills:
 + Level 1.8 Fighting
 - Level 6.0 Armour
 + Level 11.3 Dodging
 - Level 26.6 Unarmed Combat
 + Level 7.0 Spellcasting
 + Level 1.0 Summonings
 - Level 10.0 Transmutations
 - Level 8.0 Ice Magic
 - Level 14.0 Invocations
 + Level 0.8 Evocations


You had 11 spell levels left.
You knew the following spells:

 Your Spells              Type           Power      Damage    Failure   Level
a - Beastly Appendage     Tmut           100%       N/A       1%          1
b - Wereblood             Tmut           51%        N/A       1%          2
c - Ice Form              Ice/Tmut       47%        N/A       1%          4
d - Frozen Ramparts       Ice            84%        1d13      1%          3
e - Summon Ice Beast      Ice/Summ       27%        N/A       13%         4

Your spell library contained the following spells:

 Spells                   Type           Power      Damage    Failure   Level
 Spider Form              Tmut/Pois      29%        N/A       3%          3
 Shock                    Conj/Air       28%        1d4       9%          1
 Swiftness                Air            7%         N/A       24%         3
 Airstrike                Air            3%         2d(1-17)  63%         4


Dungeon Overview and Level Annotations

Branches:
Dungeon (1/1)

Altars:
Ashenzari
Cheibriados
Dithmenos
Elyvilon
Fedhas
Gozag
Hepliaklqana
Kikubaaqudgha
Makhleb
Nemelex Xobeh
Okawaru
Qazlal
Ru
Sif Muna
Trog
Uskayaw
Vehumet
Wu Jian
Xom
Yredelemnul
Zin
The Shining One
Jiyva
Lugonu


Innate Abilities, Weirdness & Mutations

You are a creature of crystalline ice.
You have a powerful freezing melee attack.
Your maximum health is increased.
Your armour is entirely melded.
You are incapable of wielding weapons or throwing items.
((You are very nimble when in or above water. (Stealth+, EV+, Speed+++)))
((Your lower body shifts to a powerful aquatic tail in water.))


Message History

The steam dragon dies!
Makhleb accepts your kill.
A merfolk comes into view. It is wielding a +0 trident.
You feel sick.
Your Executioner hits the kobold demonologist!!
Your Executioner hits the kobold demonologist. x2
The molten gargoyle blasts magma at you!
The bolt of magma hits you!! The lava burns you terribly!
The bolt of magma hits your ice beast!!!
Your ice beast melts!
Your ice beast dies!
Your ice beast disappears in a puff of smoke!
The kobold demonologist mumbles some strange words.
An adder simulacrum comes into view.
The merfolk closely misses you.
Your Executioner hits the kobold demonologist!!
The kobold demonologist dies!
Makhleb accepts your kill.
The crimson imp disappears in a puff of smoke!
Training target 6.0 for Armour reached!
Your Armour skill increases to level 6!
Your Summonings skill increases to level 1!
There is a huge open gate to the Main Hall (Safe), spattered with blood here.
You feel sick.
Your Executioner hits the molten gargoyle!
Your Executioner hits the molten gargoyle but does no damage.
Your Executioner hits the molten gargoyle.
The molten gargoyle misses you.
The merfolk javelineer throws a javelin.
The javelin pierces through your Executioner!
The javelin pierces through you.
The merfolk hits you from afar with a +1 trident of venom!
* * * LOW HITPOINT WARNING * * *
Your Executioner hits the molten gargoyle but does no damage. x2
Your Executioner barely misses the molten gargoyle.
You barely miss the molten gargoyle.
The molten gargoyle is heavily damaged.
You feel sick.
The molten gargoyle hits you with a +0 mace!
You die...

########..#....#..#
......''..........#
......''..........#
####..##..#....#..#
.#.#..##.........§+
#†##..##.........§+
.#)#†.####''####§'#
#.#)††####''####'§######
.#.#..##......##Y1m...Z.
####..##.#'##.##9)mmm...
......##.#})'.##..######
......##.+..#.##..#
########.#.†+.##..# ###
#.+..#.##..# ..#
#.##+#.##..# ..#
#......##..# ..+
########


You could see a merfolk javelineer, 3 merfolk, a molten gargoyle (ally target),
an adder simulacrum and a friendly Executioner (summoned).

Vanquished Creatures
  A death cob (D)
  A war gargoyle (D)
  A fire dragon (D)
  A merfolk avatar (D)
  3 catoblepae (D)
  A death knight (D)
  A death yak (D)
  A sea snake (D)
  A swamp dragon (D)
  A deep troll (D)
  A deep elf zephyrmancer (D)
  3 elephants (D)
  A merfolk siren (D)
  Joseph (D)
  An orange demon (D)
  2 black mambas (D)
  An unseen horror (D)
  2 kobold demonologists (D)
  2 efreet (D)
  A rime drake (D)
  An ice devil (D)
  A tyrant leech (D)
  A slime creature (D)
  A jumping spider (D)
  A shadow (D)
  A spriggan (D)
  3 yaks (D)
  A basilisk (D)
  A chaos spawn (D)
  3 vampire mosquitoes (D)
  2 floating eyes (D)
  A black bear (D)
  2 swamp drakes (D)
  Blork the orc (D)
  A gnoll sergeant (D)
  2 scorpions (D)
  A necrophage (D)
  3 killer bees (D)
  2 quasits (D)
  An orc priest (D)
  An iguana (D)
  2 orc wizards (D)
  A river rat (D)
  3 adders (D)
  A white imp (D)
  A worm (D)
  2 orcs (D)
  An endoplasm (D)
  A giant cockroach (D)
  2 jackals (D)
  3 bats (D)
  A frilled lizard (D)
  A jackal simulacrum (D)
  A kobold (D)
  A rat (D)
79 creatures vanquished.

Vanquished Creatures (collateral kills)
  A death cob (D)
  A boulder beetle (D)
  A deep troll (D)
  A wizard (D)
  An ugly thing (D)
  A black mamba (D)
  A gargoyle (D)
  A kobold demonologist (D)
  2 orange demons (D)
  4 blink frogs (D)
  3 yaks (D)
  2 steam dragons (D)
  A black bear (shapeshifter) (D)
  2 kobold brigands (D)
  An orc priest (D)
  A gnoll (D)
  An ufetubus (D)
  2 orcs (D)
  A bat (D)
  A bat skeleton (D)
  A goblin (D)
  A jackal (D)
  A bat simulacrum (D)
  A giant cockroach simulacrum (D)
  5 kobolds (D)
38 creatures vanquished.

Vanquished Creatures (others)
  A wandering mushroom (D)
1 creature vanquished.

Grand Total: 118 creatures vanquished

Notes
Turn   | Place    | Note
-------+----------+-------------------------------------------
     0 | D        | Hubris850 the Merfolk Transmuter began the quest for the
                  | Orb.
     0 | D        | Reached XP level 1. HP: 15/15 MP: 3/3
    38 | D        | Found a glowing golden altar of the Shining One.
    38 | D        | Found a glowing silver altar of Zin.
    38 | D        | Found a basalt altar of Yredelemnul.
    38 | D        | Found a shimmering altar of Xom.
    38 | D        | Found an ornate altar of the Wu Jian Council.
    38 | D        | Found a bloodstained altar of Trog.
    38 | D        | Found a shimmering blue altar of Sif Muna.
    38 | D        | Found a sacrificial altar of Ru.
    38 | D        | Found a stormy altar of Qazlal.
    38 | D        | Found an iron altar of Okawaru.
    38 | D        | Found a sparkling altar of Nemelex Xobeh.
    38 | D        | Found a burning altar of Makhleb.
    38 | D        | Found a viscous altar of Jiyva.
    38 | D        | Found a hazy altar of Hepliaklqana.
    38 | D        | Found an opulent altar of Gozag.
    38 | D        | Found a blossoming altar of Fedhas.
    38 | D        | Found a white marble altar of Elyvilon.
    38 | D        | Found a shadowy altar of Dithmenos.
    38 | D        | Found a snail-covered altar of Cheibriados.
    39 | D        | Found a radiant altar of Vehumet.
    39 | D        | Found a corrupted altar of Lugonu.
    40 | D        | Found a hide-covered altar of Uskayaw.
    40 | D        | Found an ancient bone altar of Kikubaaqudgha.
    40 | D        | Found a broken altar of Ashenzari.
    46 | D        | Became a worshipper of Makhleb the Destroyer
    58 | D        | Noticed a scorpion
    63 | D        | Reached skill level 1 in Ice Magic
    65 | D        | Killed a scorpion
    66 | D        | Reached skill level 5 in Unarmed Combat
    66 | D        | Reached skill level 5 in Transmutations
    66 | D        | Reached XP level 2. HP: 16/21 MP: 3/6
    66 | D        | Reached XP level 3. HP: 20/26 MP: 4/8
    66 | D        | Reached XP level 4. HP: 25/32 MP: 4/9
   210 | D        | Learned a level 2 spell: Wereblood
   215 | D        | Learned a level 4 spell: Ice Form
   429 | D        | Noticed a scorpion
   430 | D        | Reached * piety under Makhleb
   434 | D        | Killed a scorpion
   435 | D        | Reached skill level 6 in Unarmed Combat
   435 | D        | Reached skill level 5 in Ice Magic
   435 | D        | Reached XP level 5. HP: 37/37 MP: 3/12
   445 | D        | Reached ** piety under Makhleb
   449 | D        | Reached skill level 5 in Spellcasting
   509 | D        | Noticed a floating eye
   515 | D        | Paralysed by a floating eye for 3 turns
   519 | D        | Killed a floating eye
   519 | D        | Reached *** piety under Makhleb
   520 | D        | Reached skill level 7 in Unarmed Combat
   520 | D        | Reached XP level 6. HP: 43/43 MP: 7/14
   528 | D        | Noticed a black bear
   532 | D        | Killed a black bear
   537 | D        | Reached skill level 8 in Unarmed Combat
   538 | D        | Reached **** piety under Makhleb
   581 | D        | Reached XP level 7. HP: 48/48 MP: 9/16
   582 | D        | Noticed a basilisk
   587 | D        | Killed a basilisk
   587 | D        | Reached ***** piety under Makhleb
   588 | D        | Reached skill level 5 in Dodging
   588 | D        | Reached skill level 9 in Unarmed Combat
   588 | D        | Reached skill level 5 in Invocations
   606 | D        | Noticed a swamp dragon
   606 | D        | Noticed a vampire mosquito
   606 | D        | Noticed a vampire mosquito
   606 | D        | Noticed a vampire mosquito
   610 | D        | Killed a vampire mosquito
   616 | D        | Killed a vampire mosquito
   617 | D        | Reached skill level 10 in Unarmed Combat
   617 | D        | Reached XP level 8. HP: 25/54 MP: 14/17
   627 | D        | Killed a swamp dragon
   628 | D        | Reached skill level 12 in Unarmed Combat
  1030 | D        | Noticed Blork the orc
  1030 | D        | Noticed a deep elf zephyrmancer
  1033 | D        | Reached ****** piety under Makhleb
  1033 | D        | Noticed a black mamba
  1034 | D        | Reached XP level 9. HP: 59/59 MP: 12/19
  1037 | D        | Noticed an efreet
  1038 | D        | Killed a deep elf zephyrmancer
  1039 | D        | Reached skill level 1 in Armour
  1039 | D        | Reached skill level 10 in Transmutations
  1041 | D        | Killed a black mamba
  1042 | D        | Reached skill level 13 in Unarmed Combat
  1043 | D        | Killed Blork the orc
  1046 | D        | Killed an efreet
  1047 | D        | Reached skill level 10 in Invocations
  1054 | D        | Noticed a merfolk siren
  1074 | D        | Reached skill level 14 in Unarmed Combat
  1074 | D        | Reached XP level 10. HP: 65/65 MP: 17/20
  1097 | D        | Killed an unseen horror
  1098 | D        | Reached skill level 5 in Armour
  1117 | D        | Killed a merfolk siren
  1137 | D        | Noticed an orange demon
  1142 | D        | Killed an orange demon
  1143 | D        | Reached skill level 15 in Unarmed Combat
  1148 | D        | Noticed a black mamba
  1166 | D        | Killed a black mamba
  1167 | D        | Reached skill level 16 in Unarmed Combat
  1405 | D        | Noticed a death cob
  1405 | D        | Noticed a catoblepas
  1415 | D        | Killed a death cob
  1416 | D        | Reached skill level 17 in Unarmed Combat
  1416 | D        | Reached XP level 11. HP: 53/70 MP: 17/21
  1419 | D        | Killed a catoblepas
  1546 | D        | Noticed Joseph
  1552 | D        | Reached skill level 18 in Unarmed Combat
  1552 | D        | Killed Joseph
  1559 | D        | Reached skill level 19 in Unarmed Combat
  1565 | D        | Reached skill level 20 in Unarmed Combat
  1759 | D        | Noticed a deep troll
  1759 | D        | Noticed a deep troll
  1763 | D        | Killed a deep troll
  1766 | D        | Killed a deep troll
  1767 | D        | Reached skill level 21 in Unarmed Combat
  1770 | D        | Noticed a catoblepas
  1803 | D        | Noticed a death yak
  1816 | D        | Killed a catoblepas
  1826 | D        | Killed a death yak
  1827 | D        | Reached skill level 22 in Unarmed Combat
  1835 | D        | Reached XP level 12. HP: 39/76 MP: 20/22
  1850 | D        | Noticed a catoblepas
  1854 | D        | Noticed a death knight
  1858 | D        | Killed a death knight
  1859 | D        | Reached skill level 23 in Unarmed Combat
  1863 | D        | Killed a catoblepas
  1867 | D        | Noticed a war gargoyle
  1871 | D        | Reached skill level 24 in Unarmed Combat
  1877 | D        | Killed a war gargoyle
  1889 | D        | Noticed a fire dragon
  1898 | D        | Killed a fire dragon
  1899 | D        | Reached skill level 25 in Unarmed Combat
  1953 | D        | Noticed a merfolk avatar
  1953 | D        | Noticed a boulder beetle
  1953 | D        | Noticed a death cob
  1961 | D        | Killed a death cob
  1962 | D        | Reached skill level 26 in Unarmed Combat
  1966 | D        | Killed a merfolk avatar
  1969 | D        | Killed a boulder beetle
  1974 | D        | Got the ring "Bautith" {rN+ MP+9 Int+7}
  2015 | D        | Learned a level 3 spell: Frozen Ramparts
  2020 | D        | Learned a level 4 spell: Summon Ice Beast
  2055 | D        | Noticed a merfolk javelineer
  2058 | D        | Reached skill level 1 in Summonings
  2059 | D        | Slain by a molten gargoyle

Illustrated notes

Levels and vault maps discovered:
D:        pitsprint [storerooms_1, entrance_room_1, metal_vault_5, armoury_2,
          mini_pit_1, grid_room_1, main_hall_1, silver_pit, the_coven_3,
          the_vestibule_1, steel_vault_2, golden_pit, hallway_of_sentries,
          crystal_vault_1, iron_vault_4, final_vault]

Skill      XL: |  1  2  3  4  5  6  7  8  9 10 11 12 |
---------------+-------------------------------------+-----
Transmutations | 5 6 8 9 10 | 10.0
Ice Magic      | 3 5 6 7 8 |  8.0
Unarmed Combat | 5 6 7 8 10 12 14 17 22 26 | 26.6
Spellcasting   | 3 4 5 6 7 |  7.0
Invocations    | 2 4 7 8 10 13 14 | 14.0
Dodging        | 3 7 11 | 11.3
Armour         | 4 5 6 |  6.0
Summonings     | 1 |  1.0
Fighting       | |  1.8
Evocations     | |  0.8

Action                   |  1- 3 |  4- 6 |  7- 9 | 10-12 || total
-------------------------+-------+-------+-------+-------++-------
Melee: Unarmed           |     7 |    34 |    56 |   150 ||   247
       Punch             |       |       |       |     1 ||     1
 Cast: Wereblood         |       |     6 |     1 |     7 ||    14
       Ice Form          |       |     3 |     2 |     7 ||    12
       Summon Ice Beast  |       |       |       |     1 ||     1
Invok: Lesser Servant of |       |       |     1 |       ||     1
       Greater Servant o |       |       |       |     6 ||     6
  Use: Potion            |     1 |       |     2 |     2 ||     5
 Stab: Petrified         |       |       |       |    13 ||    13
Armor: Skin              |       |    32 |    10 |    32 ||    74
Dodge: Dodged            |     4 |    26 |    29 |    97 ||   156

Table legend: (Time is in decaauts)
 A = Elapsed time spent in this place.
 B = Non-inter-level travel time spent in this place.
 C = Inter-level travel time spent in this place.
 D = Time resting spent in this place.
 E = Time spent auto-exploring this place.
 F = Levels seen in this place.
 G = Mean time per level.
                   A        B        C        D        E       F      G
               +--------+--------+--------+--------+--------+-----+--------+
         Total |   2014 |   2014 |      0 |    978 |      0 |   1 | 2014.0 |
       Dungeon |   2014 |   2014 |      0 |    978 |      0 |   1 | 2014.0 |
               +--------+--------+--------+--------+--------+-----+--------+

Top non-repeatable levels by time:
       D: 2014 daAuts
